 Dungeon Sprint DCSS version 0.16-a0-3926-g4728e1c (webtiles) character file.

1486 BluebellGnoll the Fighter (level 8, -12/54 HPs)
             Began as a Vine Stalker Monk on Feb 5, 2015.
             Was an Elder of Vehumet.
             Mangled by a brown ugly thing (16 damage)
             ... in the Dungeon (Sprint IX: "|||||||||||||||||||||||||||||").
             The game lasted 00:04:37 (450 turns).

BluebellGnoll the Fighter (Vine Stalker Monk)        Turns: 450, Time: 00:04:37

Health: -12/54     AC: -1    Str: 14    XL:     8   Next: 80%
Magic:  0/11       EV: 22    Int: 12    God:    Vehumet [****..]
Gold:   0          SH:  0    Dex: 17    Spells: 1 memorised, 6 levels left

rFire  . . .     SeeInvis .       - Unarmed
rCold  . . .     Clarity  .     a - +0 robe
rNeg   . . .     SustAb   .     (no shield)
rPois  .         Gourm    .     l - +0 helmet
rElec  .         Spirit   +     (no cloak)
rCorr  .         Warding  .     (no gloves)
rMut   .         NoTele   +     k - +0 pair of boots
MR     +....                    (no amulet)
Stlth  ++........               n - +2 ring of evasion
                                m - +2 ring of evasion

@: corroded equipment, somewhat resistant to hostile enchantments, unstealthy
A: fangs 3, regeneration 2, magic shield, antimagic bite, no device heal 3, rot
immunity
a: Renounce Religion


You were in the Dungeon.
You worshipped Vehumet.
Vehumet was greatly pleased with you.
You were not hungry.

You visited 1 branch

Inventory:

Armour
 a - a +0 robe (worn)
 k - a +0 pair of boots (worn)
 l - a +0 helmet (worn)
Magical staves
 j - an uncursed staff of energy
Jewellery
 m - a +2 ring of evasion (left hand)
 n - a +2 ring of evasion (right hand)
Magical devices
 i - a wand of cold (0)
Scrolls
 e - 3 scrolls of remove curse
 g - 2 scrolls of amnesia
 h - 2 scrolls of blinking
Potions
 c - 5 potions of curing
 d - a potion of invisibility
 f - 4 potions of magic
Comestibles
 b - a bread ration


   Skills:
 + Level 12.7 Fighting
 - Level 7.9 Dodging
 - Level 2.4 Stealth
 - Level 10.4 Unarmed Combat


You had 6 spell levels left.
You knew the following spells:

 Your Spells              Type           Power        Failure   Level  Hunger
a - Freeze                Ice            #...         10%         1    ##.....


Dungeon Overview and Level Annotations

Branches:
Dungeon (1/1)

Altars:
Cheibriados
Dithmenos
Elyvilon
Fedhas
Gozag
Kikubaaqudgha
Makhleb
Nemelex Xobeh
Okawaru
Qazlal
Ru
Sif Muna
Trog
Vehumet
Xom
Yredelemnul
Zin
The Shining One
Beogh
Jiyva
Lugonu


Innate Abilities, Weirdness & Mutations

You have razor-sharp teeth.
You heal very quickly.
When hurt, damage is shared between your health and your magic reserves.
Your bite disrupts and absorbs the magic of your enemies.
Potions and wands cannot restore your health.
You are immune to rotting.


Message History

The brown ugly thing barely misses you.
You barely miss the brown ugly thing. You bite the brown ugly thing!
You drain its power.
You feel invigorated.
The brown ugly thing is severely wounded.
You completely miss the brown ugly thing.
You bite the brown ugly thing. You drain its power.
The brown ugly thing is almost dead.
The brown ugly thing barely misses you.
You hit the brown ugly thing but do no damage.
Your bite misses the brown ugly thing.
The brown ugly thing is almost dead.
The brown ugly thing claws you!
* * * LOW HITPOINT WARNING * * *
You are splashed with acid!
The acid burns!
* * * LOW HITPOINT WARNING * * *
The kobold demonologist casts a spell.
You hit the brown ugly thing.
The brown ugly thing is almost dead.
The brown ugly thing claws you!
You die... ▓▓▓▓▓▓▓▓▓▓▓▓▓▓▓▓▓▓▓▓▓▓▓▓▓ '!..)..[..÷[....@uTK55..+ ▓▓▓▓▓▓▓▓▓▓▓▓▓▓▓▓▓▓▓▓▓▓▓▓▓

You could see a brown ugly thing, a kobold demonologist, a troll and 2 ufetubi.

Vanquished Creatures
  2 unseen horrors (D)
  A hippogriff (D)
  A wyvern (D)
  A sky beast (D)
  A giant frog (D)
  An orc wizard (D)
  A worker ant (D)
  A shadow imp (D)
  An adder zombie (D)
  An orc (D)
  A jackal (D)
  2 kobolds (D)
  A quokka (D)
  A ball python (D)
  A ball python zombie (D)
  2 giant newts (D)
  A kobold skeleton (D)
  An orc zombie (D)
  A rat (D)
22 creatures vanquished.

Notes
Turn   | Place    | Note
--------------------------------------------------------------
     0 | D        | BluebellGnoll, the Vine Stalker Monk, began the quest for the Orb.
     0 | D        | Reached XP level 1. HP: 11/11 MP: 1/1
    12 | D        | Reached skill level 5 in Unarmed Combat
    26 | D        | Reached XP level 2. HP: 16/16 MP: 3/3
    47 | D        | Found a glowing silver altar of Zin.
    47 | D        | Found a glowing golden altar of the Shining One.
    47 | D        | Found an ancient bone altar of Kikubaaqudgha.
    47 | D        | Found a basalt altar of Yredelemnul.
    47 | D        | Found a shimmering altar of Xom.
    47 | D        | Found a radiant altar of Vehumet.
    47 | D        | Found an iron altar of Okawaru.
    48 | D        | Found a burning altar of Makhleb.
    49 | D        | Found a deep blue altar of Sif Muna.
    50 | D        | Found a bloodstained altar of Trog.
    51 | D        | Found a sparkling altar of Nemelex Xobeh.
    52 | D        | Found a white marble altar of Elyvilon.
    53 | D        | Found a roughly hewn altar of Beogh.
    54 | D        | Found a viscous altar of Jiyva.
    55 | D        | Became a worshipper of Vehumet
    55 | D        | Acquired Vehumet's first power
    55 | D        | Offered knowledge of Magic Dart by Vehumet.
    56 | D        | Found a corrupted altar of Lugonu.
    57 | D        | Found a blossoming altar of Fedhas.
    58 | D        | Found a snail-covered altar of Cheibriados.
    59 | D        | Found a shadowy altar of Dithmenos.
    60 | D        | Found a stormy altar of Qazlal.
    61 | D        | Found an opulent altar of Gozag.
    62 | D        | Found a sacrificial altar of Ru.
   113 | D        | Noticed an orc wizard
   113 | D        | Noticed a worker ant
   113 | D        | Noticed a giant frog
   113 | D        | Noticed a sky beast
   113 | D        | Noticed a hippogriff
   113 | D        | Noticed a wyvern
   117 | D        | Killed an orc wizard
   117 | D        | Reached skill level 6 in Fighting
   117 | D        | Reached XP level 3. HP: 21/23 MP: 2/4
   122 | D        | Killed a worker ant
   122 | D        | Reached skill level 7 in Fighting
   122 | D        | Reached XP level 4. HP: 18/30 MP: 5/5
   125 | D        | Killed a giant frog
   125 | D        | Reached skill level 9 in Fighting
   125 | D        | Reached XP level 5. HP: 6/36 MP: 4/7
   125 | D        | Killed a sky beast
   125 | D        | Acquired Vehumet's second power
   125 | D        | Reached skill level 10 in Fighting
   125 | D        | Gained mutation: You heal very quickly. [vine stalker growth]
   125 | D        | Reached XP level 6. HP: 6/42 MP: 4/8
   319 | D        | Killed a hippogriff
   319 | D        | Offered knowledge of Freeze by Vehumet.
   324 | D        | Killed a wyvern
   324 | D        | Reached skill level 10 in Unarmed Combat
   324 | D        | Reached XP level 7. HP: 5/46 MP: 2/9
   401 | D        | Learned a level 1 spell: Freeze
   401 | D        | Noticed a brown ugly thing
   401 | D        | Noticed a troll
   401 | D        | Noticed a kobold demonologist
   404 | D        | Killed an unseen horror
   404 | D        | Offered knowledge of Throw Frost by Vehumet.
   404 | D        | Gained mutation: You have razor-sharp teeth. [vine stalker growth]
   404 | D        | Reached XP level 8. HP: 37/51 MP: 9/11
   443 | D        | Killed an unseen horror
   443 | D        | Acquired Vehumet's third power
   443 | D        | Reached skill level 12 in Fighting
   450 | D        | Mangled by a brown ugly thing

Action                   |  1- 3 |  4- 6 |  7- 9 || total
-------------------------+-------+-------+-------++-------
Melee: Unarmed           |    26 |     9 |    10 ||    45
 Cast: Freeze            |       |       |     1 ||     1
Evoke: Wand              |       |     3 |     4 ||     7
  Use: Potion            |     2 |       |       ||     2
